 Dungeon Crawl Stone Soup version 0.19-a0-414-g76fec5b (webtiles) character file.

83 Skanax the Ruffian (level 4, -2/37 HPs)
             Began as a Ghoul Gladiator on May 31, 2016.
             Slain by a gnoll
             ... wielding a cursed +0 halberd
              (8 damage)
             ... on level 2 of the Dungeon.
             The game lasted 00:09:22 (1525 turns).

Skanax the Ruffian (Ghoul Gladiator)                Turns: 1525, Time: 00:09:23

Health: -2/37      AC:  4    Str: 18    XL:     4   Next: 44%
Magic:  3/3        EV: 14    Int:  3    God:
Gold:   91         SH:  0    Dex: 10    Spells: 0 memorised, 3 levels left

rFire  . . .     SeeInvis .       - Unarmed
rCold  + . .     Gourm    .     a - +0 leather armour
rNeg   + + +     Faith    .     (no shield)
rPois  ∞         Spirit   .     b - +0 helmet
rElec  .         Dismiss  .     (no cloak)
rCorr  .         Reflect  .     (no gloves)
SustAt .         Harm     .     (no boots)
MR     .....                    (no amulet)
Stlth  +.........               q - ring of poison resistance
                                o - +2 ring of evasion

@: rotting, not resistant to hostile enchantments, very unstealthy
A: rotting body, claws 1, carnivore 3, cold resistance 1, negative energy
resistance 3, slow regeneration 1, torment resistance, unbreathing
a: no special abilities


You were on level 2 of the Dungeon.
You were not hungry.

You visited 1 branch of the dungeon, and saw 2 of its levels.

You collected 91 gold pieces.

Inventory:

Missiles
 e - 38 stones
 l - 18 bolts
 m - a throwing net (quivered)
Armour
 a - a +0 leather armour (worn)
 b - a +0 helmet (worn)
Jewellery
 o - a +2 ring of evasion (left claw)
 p - an uncursed ring of magical power
 q - a ring of poison resistance (right claw)
Scrolls
 i - 2 scrolls of remove curse
 j - a scroll of magic mapping
Potions
 c - a potion of curing {unknown}
 g - a potion of heal wounds
 h - a potion of cancellation {unknown}
 n - a potion of flight {unknown}
 r - a potion of cure mutation {unknown}
Comestibles
 k - 2 bread rations


   Skills:
 + Level 2.5 Fighting
 + Level 2.2 Throwing
 + Level 1.0 Armour
 + Level 3.5 Dodging
 + Level 4.0 Unarmed Combat


You had 3 spell levels left.
You didn't know any spells.

Dungeon Overview and Level Annotations

Branches:
Dungeon (2/15)

Altars:
Ashenzari


Innate Abilities, Weirdness & Mutations

Your body is rotting away.
You thrive on raw meat.
You are immune to poison.
You have sharp fingernails.
You are carnivorous and can eat meat at any time.
Your flesh is cold resistant. (rC+)
You are immune to negative energy. (rN+++)
You regenerate slowly when monsters are visible.
You are immune to unholy pain and torment.
You can survive without breathing.


Message History

4 gnolls come into view.
The gnoll shouts! x4
The gnoll barely misses you. The gnoll barely misses you.
The gnoll hits you with a spear.
You closely miss the gnoll. The gnoll hits you but does no damage.
The gnoll hits you from afar with a halberd!
You barely miss the gnoll. The gnoll barely misses you. x2
You scratch the gnoll but do no damage. The gnoll hits you with a spear.
You scratch the gnoll. You claw the gnoll.
The gnoll is severely wounded.
The gnoll hits you from afar with a halberd!
* * * LOW HITPOINT WARNING * * *
The gnoll hits you but does no damage.
Eat which item? (? for menu, Esc to quit)
The gnoll hits you from afar with a halberd.
* * * LOW HITPOINT WARNING * * *
You continue eating.
The gnoll hits you from afar with a halberd!
You die...

.######.#
##.#
........#
#.#
........#
#.#
.########
#.# .# #.#
.# #.# ##
#.# # #.#
# #@#
########.#
...ggg.g.#
##########


You could see a gnoll.

Vanquished Creatures
  3 adders (D:2)
  3 oozes
  2 dart slugs (D:1)
  A giant gecko (D:2)
  A ball python (D:1)
  A giant cockroach (D:1)
  3 goblins
  2 hobgoblins
  4 jackals (D:1)
  6 kobolds
  3 bats
  4 giant newts (D:1)
  7 rats
40 creatures vanquished.

Notes
Turn   | Place    | Note
--------------------------------------------------------------
     0 | D:1      | Skanax the Ghoul Gladiator began the quest for the Orb.
     0 | D:1      | Reached XP level 1. HP: 17/17 MP: 0/0
    52 | D:1      | Reached XP level 2. HP: 14/24 MP: 1/1
   182 | D:1      | Found a shattered altar of Ashenzari.
   519 | D:1      | Reached XP level 3. HP: 29/30 MP: 2/2
  1028 | D:2      | Reached XP level 4. HP: 28/37 MP: 3/3
  1269 | D:2      | Reached skill level 1 in Armour
  1301 | D:2      | Reached skill level 4 in Unarmed Combat
  1525 | D:2      | Slain by a gnoll

Vault maps used:
D:1:      minmay_arrival_up_and_down, ashenzari_altar_1

Skill      XL: |  1  2  3  4 |
---------------+-------------+-----
Dodging        | 3 |  3.5
Throwing       | 2 |  2.2
Armour         | 1 |  1.0
Unarmed Combat | 4 |  4.0
Fighting       | |  2.5

Action                   |  1- 3 |  4- 6 || total
-------------------------+-------+-------++-------
Melee: Unarmed           |    89 |    48 ||   137
       Punch             |     1 |     1 ||     2
Throw: Throwing net      |    16 |     6 ||    22
       Stone             |     1 |       ||     1
  Use: Scroll            |     3 |     2 ||     5
  Eat: Chunk             |     4 |       ||     4
       Meat ration       |       |     1 ||     1
Armor: Leather armour    |    54 |    14 ||    68
Dodge: Dodged            |   104 |    44 ||   148
